General information
- name: BNet
- type: Ladder team game (AT/RT)
- host: Battle.net
- saver: ScroobTube
map: Highperch
- players: 6
- length: 34:55
- speed: Fast
- version: 1.26 W3XP
- replay type: Public
» download(214 KB)
Players
team 1 (winner)
AlasPoorHoratio (
pink | 79 APM | 2754 actions | 34:54)
5 Warden
3 Shadow Strike
2 Blink
» actions
| Assign group hotkey | 12 | |
| Basic commands | 275 | |
| Build / train | 78 | |
| Enter build submenu | 19 | |
| Enter hero's abilities submenu | 5 | |
| Give item / drop item | 1 | |
| Remove unit from queue | 1 | |
| Right click | 1192 | |
| Select / deselect | 305 | |
| Select group hotkey | 717 | |
| Use ability | 147 | |
2754 total
» units
| Wisp | 29 | |
| Druid of the Talon | 1 | |
| Hippogryph | 20 | |
| Chimaera | 1 | |
51 total
» upgrades
| Ultravision | 1 | |
| Strength of the Wild | 3 | |
| Nature's Blessing | 1 | |
| Druid of the Talon Training | 2 | |
| Well Spring | 1 | |
| Reinforced Hides | 3 | |
| Mark of the Talon | 1 | |
| Corrosive Breath | 1 | |
13 total
» buildings
| Altar of Elders | 1 | |
| Moon Well | 12 | |
| Tree of Life | 1 | |
| Hunter's Hall | 1 | |
| Tree of Ages | 1 | |
| Tree of Eternity | 1 | |
| Ancient of Wonders | 1 | |
| Ancient of Wind | 1 | |
| Chimaera Roost | 1 | |
20 total
» build order
00:06 Altar of Elders
00:19 Moon Well
01:11 Moon Well
03:55 Moon Well
05:23 Moon Well
05:32 Tree of Life
06:36 Hunter's Hall
07:33 Tree of Ages
09:17 Moon Well
09:19 Moon Well
09:57 Tree of Eternity
10:12 Ancient of Wonders
10:50 Ancient of Wind
11:03 Moon Well
13:30 Moon Well
13:32 Moon Well
13:34 Moon Well
20:16 Moon Well
20:17 Moon Well
22:32 Chimaera Roost
» items
| Boots of Speed | 1 | |
| Staff of Teleportation | 1 | |
| Scroll of Regeneration | 1 | |
| Circlet of Nobility | 1 | |
| Orb of Venom | 1 | |
5 total
iggy_the_fisk (
teal | 121 APM | 4230 actions | 34:54)
6 Archmage
3 Blizzard
2 Brilliance Aura
1 Mass Teleport
6 Pandaren Brewmaster
3 Breath of Fire
1 Drunken Haze
1 Drunken Brawler
1 Storm Earth and Fire
» actions
| Assign group hotkey | 446 | |
| Basic commands | 25 | |
| Build / train | 96 | |
| Enter build submenu | 82 | |
| Enter hero's abilities submenu | 12 | |
| Give item / drop item | 2 | |
| Remove unit from queue | 8 | |
| Right click | 2320 | |
| Select / deselect | 327 | |
| Select group hotkey | 670 | |
| Use ability | 242 | |
4230 total
» units
| Peasant | 14 | |
| Dragonhawk Rider | -5 | |
9 total
» upgrades
| Masonry | 3 | |
| Lumber Harvesting | 2 | |
| Magic Sentry | 1 | |
| Cloud | 1 | |
7 total
» buildings
| Altar of Kings | 1 | |
| Farm | 6 | |
| Lumber Mill | 1 | |
| Scout Tower | 64 | |
| Arcane Tower | 3 | |
| Arcane Vault | 4 | |
| Guard Tower | 36 | |
| Keep | 4 | |
| Castle | 1 | |
| Arcane Sanctum | 1 | |
| Gryphon Aviary | 1 | |
| Barracks | 1 | |
| Blacksmith | 1 | |
124 total
» build order
00:04 Altar of Kings
00:19 Farm
00:35 Lumber Mill
00:44 Farm
01:35 Scout Tower
01:54 Scout Tower
01:57 Scout Tower
02:04 Scout Tower
02:08 Scout Tower
02:12 Scout Tower
02:12 Arcane Tower
02:14 Scout Tower
02:16 Arcane Vault
02:25 Arcane Tower
02:26 Scout Tower
02:30 Arcane Tower
02:32 Scout Tower
02:35 Scout Tower
02:36 Scout Tower
02:42 Guard Tower
02:43 Scout Tower
02:45 Scout Tower
03:06 Guard Tower
03:07 Scout Tower
03:07 Scout Tower
03:11 Guard Tower
03:13 Scout Tower
03:13 Guard Tower
03:14 Scout Tower
03:19 Scout Tower
03:20 Guard Tower
03:20 Guard Tower
03:24 Arcane Vault
03:30 Scout Tower
03:30 Scout Tower
03:40 Scout Tower
03:41 Scout Tower
03:48 Scout Tower
03:48 Guard Tower
03:53 Guard Tower
03:53 Guard Tower
03:54 Scout Tower
03:55 Scout Tower
04:04 Keep
04:04 Keep
04:04 Keep
04:04 Keep
04:21 Guard Tower
04:24 Scout Tower
04:25 Scout Tower
04:28 Scout Tower
04:49 Guard Tower
04:51 Scout Tower
04:52 Scout Tower
05:07 Guard Tower
05:08 Scout Tower
05:10 Arcane Vault
05:14 Arcane Vault
05:20 Guard Tower
05:21 Guard Tower
05:25 Scout Tower
05:25 Scout Tower
05:35 Guard Tower
05:36 Scout Tower
05:37 Scout Tower
05:40 Scout Tower
05:41 Scout Tower
05:50 Scout Tower
06:04 Guard Tower
06:23 Scout Tower
06:24 Scout Tower
06:34 Scout Tower
06:35 Scout Tower
06:37 Scout Tower
06:37 Guard Tower
07:14 Farm
07:15 Farm
07:23 Castle
07:26 Farm
07:27 Guard Tower
07:28 Scout Tower
07:29 Scout Tower
07:38 Arcane Sanctum
07:42 Guard Tower
07:46 Scout Tower
07:47 Scout Tower
07:56 Scout Tower
07:57 Guard Tower
08:09 Farm
08:15 Guard Tower
08:26 Scout Tower
08:28 Scout Tower
08:32 Guard Tower
08:58 Guard Tower
10:24 Scout Tower
10:25 Scout Tower
10:25 Scout Tower
10:29 Scout Tower
10:29 Guard Tower
10:57 Guard Tower
10:59 Guard Tower
11:20 Guard Tower
11:52 Guard Tower
11:53 Scout Tower
11:54 Scout Tower
13:42 Guard Tower
13:44 Scout Tower
13:45 Scout Tower
14:47 Scout Tower
14:48 Scout Tower
14:50 Guard Tower
16:50 Guard Tower
16:51 Scout Tower
17:32 Scout Tower
17:33 Guard Tower
18:20 Guard Tower
18:22 Scout Tower
18:22 Scout Tower
19:37 Guard Tower
19:41 Gryphon Aviary
19:43 Barracks
19:45 Blacksmith
» items
| Boots of Speed | 1 | |
| Staff of Teleportation | 2 | |
| Potion of Invisibility | 1 | |
| Scroll of Regeneration | 2 | |
| Scroll of Town Portal | 4 | |
| Staff of Sanctuary | 2 | |
| Orb of Venom | 1 | |
13 total

»
ScroobTube (
red | 112 APM | 3903 actions | 34:55)
5 Warden
2 Shadow Strike
3 Blink
5 Pandaren Brewmaster
3 Breath of Fire
2 Drunken Haze
» actions
| Assign group hotkey | 276 | |
| Basic commands | 136 | |
| Build / train | 80 | |
| ESC pressed | 2 | |
| Enter build submenu | 21 | |
| Enter hero's abilities submenu | 11 | |
| Give item / drop item | 2 | |
| Right click | 1952 | |
| Select / deselect | 539 | |
| Select group hotkey | 716 | |
| Use ability | 168 | |
3903 total
» units
» upgrades
| Reinforced Hides | 3 | |
| Strength of the Wild | 3 | |
| Well Spring | 1 | |
7 total
» buildings
| Altar of Elders | 1 | |
| Moon Well | 7 | |
| Tree of Ages | 4 | |
| Ancient of Wonders | 3 | |
| Hunter's Hall | 1 | |
| Tree of Life | 1 | |
| Ancient of Wind | 2 | |
| Tree of Eternity | 1 | |
20 total
» build order
00:06 Altar of Elders
00:08 Moon Well
01:27 Moon Well
03:37 Tree of Ages
03:37 Tree of Ages
04:26 Moon Well
05:10 Moon Well
05:37 Moon Well
05:40 Moon Well
06:01 Ancient of Wonders
06:21 Moon Well
06:32 Hunter's Hall
07:11 Tree of Life
07:48 Ancient of Wind
07:49 Ancient of Wind
09:41 Tree of Eternity
14:31 Ancient of Wonders
14:32 Ancient of Wonders
» items
| Boots of Speed | 2 | |
| Staff of Teleportation | 4 | |
| Staff of Sanctuary | 2 | |
| Orb of Venom | 2 | |
| Circlet of Nobility | 2 | |
12 total
team 2 (loser)
alex8192 (
green | 21 APM | 683 actions | 32:34)
3 Priestess of the Moon
1 Trueshot Aura
2 Searing Arrows
2 Keeper of the Grove
1 Thorns Aura
1 Force of Nature
» actions
| Assign group hotkey | 6 | |
| Basic commands | 10 | |
| Build / train | 111 | |
| Enter build submenu | 14 | |
| Enter hero's abilities submenu | 5 | |
| Remove unit from queue | 1 | |
| Right click | 304 | |
| Select / deselect | 184 | |
| Select group hotkey | 23 | |
| Use ability | 25 | |
683 total
» units
| Wisp | 28 | |
| Archer | 8 | |
| Hippogryph | 26 | |
| Chimaera | 22 | |
| Glaive Thrower | 10 | |
94 total
» upgrades
| Strength of the Wild | 3 | |
| Reinforced Hides | 3 | |
| Corrosive Breath | 1 | |
7 total
» buildings
| Altar of Elders | 1 | |
| Moon Well | 10 | |
| Ancient of War | 1 | |
| Tree of Ages | 1 | |
| Tree of Life | 1 | |
| Hunter's Hall | 1 | |
| Ancient of Wind | 1 | |
| Ancient of Wonders | 1 | |
| Tree of Eternity | 1 | |
| Chimaera Roost | 2 | |
20 total
» build order
00:29 Altar of Elders
00:42 Moon Well
01:02 Ancient of War
02:18 Moon Well
04:38 Tree of Ages
04:54 Tree of Life
06:22 Hunter's Hall
06:27 Moon Well
06:27 Moon Well
06:29 Moon Well
06:30 Moon Well
06:37 Moon Well
06:38 Moon Well
06:42 Moon Well
09:16 Moon Well
09:21 Ancient of Wind
09:29 Ancient of Wonders
10:30 Tree of Eternity
13:29 Chimaera Roost
13:35 Chimaera Roost

»
MOnKeyMAn] (
orange | 59 APM | 2069 actions | 34:54)
5 Demon Hunter
3 Immolation
2 Evasion
3 Keeper of the Grove
2 Entangling Roots
1 Thorns Aura
» actions
| Assign group hotkey | 33 | |
| Basic commands | 69 | |
| Build / train | 73 | |
| Enter build submenu | 20 | |
| Enter hero's abilities submenu | 8 | |
| Right click | 710 | |
| Select / deselect | 366 | |
| Select group hotkey | 728 | |
| Use ability | 62 | |
2069 total
» units
| Wisp | 16 | |
| Huntress | 7 | |
| Hippogryph | 15 | |
| Chimaera | 14 | |
52 total
» upgrades
| Strength of the Wild | 3 | |
| Reinforced Hides | 3 | |
| Corrosive Breath | 1 | |
7 total
» buildings
| Altar of Elders | 1 | |
| Moon Well | 8 | |
| Hunter's Hall | 1 | |
| Ancient of War | 1 | |
| Ancient of Wonders | 1 | |
| Tree of Ages | 1 | |
| Tree of Eternity | 1 | |
| Ancient of Wind | 1 | |
| Tree of Life | 1 | |
| Chimaera Roost | 3 | |
19 total
» build order
00:14 Altar of Elders
00:19 Moon Well
01:02 Hunter's Hall
01:39 Ancient of War
02:13 Moon Well
03:00 Moon Well
05:02 Ancient of Wonders
05:05 Tree of Ages
05:44 Moon Well
07:30 Tree of Eternity
07:33 Ancient of Wind
09:10 Tree of Life
10:34 Chimaera Roost
10:37 Chimaera Roost
10:39 Chimaera Roost
11:10 Moon Well
12:21 Moon Well
12:34 Moon Well
14:41 Moon Well
» items
| Orb of Venom | 1 | |
| Scroll of Town Portal | 1 | |
2 total
Sa(V)soN (
blue | 32 APM | 1043 actions | 32:31)
4 Tauren Chieftain
1 War Stomp
2 Endurance Aura
1 Shockwave
3 Shadow Hunter
2 Hex
1 Healing Wave
» actions
| Basic commands | 5 | |
| Build / train | 67 | |
| Enter build submenu | 22 | |
| Enter hero's abilities submenu | 7 | |
| Give item / drop item | 2 | |
| Remove unit from queue | 1 | |
| Right click | 536 | |
| Select / deselect | 296 | |
| Use ability | 107 | |
1043 total
» units
| Peon | 9 | |
| Grunt | 6 | |
| Centaur Outrunner | 1 | |
| Harpy Rogue | 1 | |
| Shaman | 1 | |
| Troll Witch Doctor | 1 | |
| Tauren | 2 | |
| Troll Batrider | 10 | |
| Demolisher | 3 | |
34 total
» upgrades
| Pillage | 1 | |
| Berserker Strength | 1 | |
| Melee Weapons | 3 | |
| Shaman Training | 2 | |
| Witch Doctor Training | 2 | |
| Pulverize | 1 | |
| Ranged Weapons | 1 | |
| Liquid Fire | 1 | |
| Burning Oil | 1 | |
13 total
» buildings
| Altar of Storms | 1 | |
| Orc Burrow | 9 | |
| Barracks | 1 | |
| Voodoo Lounge | 1 | |
| Stronghold | 1 | |
| War Mill | 1 | |
| Fortress | 1 | |
| Spirit Lodge | 2 | |
| Tauren Totem | 2 | |
| Beastiary | 3 | |
22 total
» build order
00:14 Altar of Storms
00:21 Orc Burrow
00:38 Barracks
01:31 Voodoo Lounge
01:53 Orc Burrow
04:10 Stronghold
04:14 Orc Burrow
04:55 War Mill
05:13 Orc Burrow
07:27 Fortress
07:30 Spirit Lodge
07:33 Spirit Lodge
07:54 Orc Burrow
07:56 Orc Burrow
09:56 Tauren Totem
09:57 Tauren Totem
13:34 Orc Burrow
14:54 Orc Burrow
15:50 Orc Burrow
17:46 Beastiary
17:51 Beastiary
18:15 Beastiary
» items
| Healing Salve | 1 | |
| Lesser Clarity Potion | 3 | |
| Orb of Lightning | 1 | |
| Potion of Mana | 1 | |
| Boots of Speed | 1 | |
| Potion of Lesser Invulnerability | 1 | |
8 total
Chat log
(19:32 / All) iggy_the_fisk: hey guys
(19:34 / All) iggy_the_fisk: what is up
(22:42 / All) iggy_the_fisk: guys
(22:44 / All) iggy_the_fisk: what are you doing
(22:58 / All) iggy_the_fisk: this isn't working
(24:59 / All) iggy_the_fisk: guys
(25:00 / Allies) iggy_the_fisk: this
(25:03 / All) iggy_the_fisk: this isn't working
(25:20 / All) iggy_the_fisk: do you have another plan?
(32:33 / All) iggy_the_fisk: towers can't move
(32:35 / All) iggy_the_fisk: if you stay out of range
(32:37 / All) iggy_the_fisk: they won't attack